 Dungeon Crawl Stone Soup version 0.23-a0-417-gf02c810438 (webtiles) character file.

72 Eqeqeq the Grasshopper (level 4, -2/37 HPs)
             Began as a Draconian Warper on Nov 11, 2018.
             Slain by an iguana (9 damage)
             ... on level 2 of the Dungeon.
             The game lasted 00:03:14 (885 turns).

Eqeqeq the Grasshopper (Draconian Warper)            Turns: 885, Time: 00:03:15

Health: -2/37      AC:  5    Str: 14    XL:     4   Next: 6%
Magic:  7/7        EV: 12    Int: 13    God:
Gold:   21         SH:  0    Dex: 11    Spells: 3/8 levels left

rFire    . . .     SeeInvis .   d - +0 short sword (venom)
rCold    . . .     Gourm    .   (no shield)
rNeg     . . .     Faith    .   (armour unavailable)
rPois    .         Spirit   .   (helmet restricted)
rElec    .         Reflect  .   (no cloak)
rCorr    .         Harm     .   (no gloves)
MR       .....                  (no boots)
Stlth    +.........             (no amulet)
HPRegen  0.12/turn              (no ring)
MPRegen  0.10/turn              (no ring)

@: no status effects
A: unfitting armour, cold-blooded, AC +5
a: no special abilities


You were on level 2 of the Dungeon.
You were not hungry.

You visited 1 branch of the dungeon, and saw 3 of its levels.

You collected 21 gold pieces.

Inventory:

Hand Weapons
 a - a +0 flail
 d - a +0 short sword of venom (weapon)
Missiles
 j - 3 tomahawks of dispersal (quivered)
Scrolls
 e - 3 scrolls of teleportation {unknown}
 g - a scroll of enchant weapon {unknown}
 o - a scroll of amnesia {unknown}
 p - a scroll of enchant armour {unknown}
Potions
 h - 2 potions of degeneration {unknown}
 i - a potion of curing {unknown}
 k - 2 potions of haste {unknown}
 l - a potion of agility {unknown}
 m - 2 potions of invisibility {unknown}
 n - a potion of lignification
Comestibles
 b - 5 chunks of flesh
 f - 4 rations


   Skills:
 + Level 2.9 Fighting
 * Level 3.0 Maces & Flails
 - Level 1.0 Throwing
 + Level 2.6 Dodging
 + Level 2.5 Spellcasting
 - Level 3.0 Translocations


You had 3 spell levels left.
You knew the following spells:

 Your Spells              Type           Power        Failure   Level  Hunger
a - Blink                 Tloc           N/A          11%         2    ###....
b - Gell's Gravitas       Tloc           #.........   22%         3    ###....

Your spell library contained the following spells:

 Spells                   Type           Power        Failure   Level  Hunger
 Shroud of Golubria       Chrm/Tloc      #.........   21%         2    ###....
 Lesser Beckoning         Tloc           #.........   22%         3    ###....
 Teleport Other           Tloc           #.......     22%         3    ###....
 Passage of Golubria      Tloc           N/A          56%         4    #####..


Dungeon Overview and Level Annotations

Branches:
Dungeon (3/15)

Altars:


Innate Abilities, Weirdness & Mutations

Your plain brown scales are hard. (AC +5)
You cannot fit into any form of body armour.
You are cold-blooded and may be slowed by cold attacks.


Message History

You kill the ooze!
Your Maces & Flails skill increases to level 3!
You have reached level 4!
You feel stronger.
You hit the iguana.
The iguana is poisoned.
The iguana is lightly wounded.
The iguana misses you.
You closely miss the iguana.
You tail-slap the iguana, but do no damage.
The iguana is lightly wounded.
The iguana bites you!
You closely miss the iguana.
The iguana is moderately wounded.
The iguana bites you!
You hit the iguana but do no damage.
The iguana looks as sick as possible!
The iguana is moderately wounded.
The iguana bites you!
* * * LOW HITPOINT WARNING * * *
The iguana bites you!
You die...

#.# #.# #)# #.# #..
#(###.###.#.#
###########..>........#
#.....>..........##.##
.#......########..##.####
............####.........
.........#......รท....##...
........#@................
.....#..l#..####.######...
#.##.##.##..# #.# . # # #.#
..# #.# ..# ..# #.# ..$.
..# #.# ##.## #.# #.# #. .#
..


You could see an iguana.

Vanquished Creatures
  A gnoll (D:1)
  An adder (D:2)
  An ooze (D:2)
  A leopard gecko (D:1)
  An orc (D:2)
  3 bats (D:1)
  4 giant cockroaches
  5 goblins
  9 hobgoblins
  4 jackals (D:1)
  A quokka (D:1)
  2 frilled lizards
  4 kobolds
  3 rats (D:2)
40 creatures vanquished.

Notes
Turn   | Place    | Note
-------+----------+-------------------------------------------
     0 | D:1      | Eqeqeq the Draconian Warper began the quest for the Orb.
     0 | D:1      | Reached XP level 1. HP: 17/17 MP: 3/3
    49 | D:1      | Reached skill level 1 in Throwing
    52 | D:1      | Reached XP level 2. HP: 25/25 MP: 5/5
   285 | D:1      | Reached XP level 3. HP: 29/30 MP: 6/6
   566 | D:1      | Learned a level 2 spell: Blink
   570 | D:1      | Learned a level 3 spell: Gell's Gravitas
   881 | D:2      | Reached XP level 4. HP: 36/37 MP: 7/7
   885 | D:2      | Slain by an iguana

Vault maps used:
D:1:      minmay_arrival_three_doors, minivault_14
D:2:      serial_forest, infiniplex_forest_end_1, infiniplex_forest_end_2,
          infiniplex_forest_lined_corner, infiniplex_forest_end_3
D:3:      zin_academy, serial_forest, infiniplex_forest_lined_3,
          infiniplex_forest_end_1, infiniplex_forest_lined_2,
          infiniplex_forest_lined_corner, infiniplex_forest_lined_2,
          infiniplex_forest_straight_3, first_ration, uniq_natasha

Skill      XL: |  1  2  3 |
---------------+----------+-----
Throwing       | 1 |  1.0
Maces & Flails | 3 |  3.0
Fighting       | |  2.9
Dodging        | |  2.6
Spellcasting   | |  2.5
Translocations | |  3.0

Action                   |  1- 3 |  4- 6 || total
-------------------------+-------+-------++-------
Melee: Mace              |    20 |       ||    20
       Tailslap          |    10 |     1 ||    11
       Flail             |    17 |       ||    17
       Short sword       |    71 |     4 ||    75
Throw: Tomahawk          |     2 |       ||     2
  Use: Potion            |     1 |       ||     1
       Scroll            |     1 |       ||     1
 Stab: Sleeping          |     1 |       ||     1
Armor: Skin              |    45 |       ||    45
Dodge: Dodged            |    82 |     1 ||    83

Table legend:
 A = Non-vault XP
 B = Vault XP
 C = Vault XP percentage of total XP
 D = Non-vault monster count
 E = Vault monster count
 F = Vault count percentage of total count
                 A         B        C        D         E       F
            +---------+---------+-------+---------+---------+-------
      Total |     103 |       0 |   0.0 |      40 |       0 |   0.0
            +---------+---------+-------+---------+---------+-------
        D:1 |      64 |       0 |   0.0 |      27 |       0 |   0.0
        D:2 |      39 |       0 |   0.0 |      13 |       0 |   0.0
            +---------+---------+-------+---------+---------+-------
